 Dungeon Sprint DCSS version 0.21.1-1-g345015f (webtiles) character file.

10700000 Fang the Axe Maniac (level 27, -2/271 (273) HPs)
             Began as a Minotaur Gladiator on May 22, 2018.
             Was the Champion of Makhleb.
             Slain by a meat berserker
             ... wielding a +9 battleaxe
              (42 damage)
             ... in the Dungeon (Sprint VIII: "Arena of Blood").
             The game lasted 00:01:47 (107 turns).

Fang the Axe Maniac (Minotaur Gladiator)             Turns: 107, Time: 00:01:47

HP:   -2/271 (273)  AC:  6    Str: 31    XL:     27
MP:   37/53         EV: 28    Int:  5    God:    Makhleb [******]
Gold: 0             SH:  0    Dex: 13    Spells: 80/80 levels left

rFire    . . .     SeeInvis .   l - +∞ Axe of Woe
rCold    . . .     Gourm    .   (shield currently unavailable)
rNeg     . . .     Faith    .   b - +0 leather armour
rPois    .         Spirit   .   c - +0 hat
rElec    .         Reflect  .   (no cloak)
rCorr    .         Harm     .   (no gloves)
MR       ++...     NoTele   +   (no boots)
Stlth    +++++++++.             (no amulet)
HPRegen  0.00/turn              (no ring)
MPRegen  0.33/turn              (no ring)

@: non-regenerating, diseased, drained
A: retaliatory headbutt, horns 2
a: Minor Destruction, Lesser Servant of Makhleb, Major Destruction, Greater
Servant of Makhleb, Renounce Religion


You were in the Dungeon.
You worshipped Makhleb.
Makhleb was exalted by your worship.
You were not hungry.

You visited 1 branch

Inventory:

Hand Weapons
 a - a +0 war axe
 l - the +∞ Axe of Woe (weapon)
   (You found it in the Dungeon)
Missiles
 d - 3 throwing nets (quivered)
Armour
 b - a +0 leather armour (worn)
 c - a +0 hat (worn)
Scrolls
 k - a scroll of blinking
Potions
 e - a potion of curing
 g - a potion of heal wounds
 h - a potion of haste
 i - 2 potions of magic
 j - a potion of berserk rage
Comestibles
 f - a ration


   Skills:
 O Level 27(25.5) Fighting
 O Level 27(25.5) Axes
 O Level 27(25.5) Throwing
 O Level 27(25.5) Armour
 O Level 27(25.5) Dodging
 O Level 27(25.5) Stealth
 O Level 27(25.5) Unarmed Combat
 O Level 27(25.5) Spellcasting
 O Level 27(25.5) Invocations


You had 80 spell levels left.
You didn't know any spells.

Dungeon Overview and Level Annotations

Branches:
Dungeon (1/1)

Altars:
Makhleb


Innate Abilities, Weirdness & Mutations

You reflexively headbutt those who attack you in melee.
You have a pair of horns on your head.


Message History

The large bag of meat convulses! x2; The bag of meat convulses! x3
Your body is wracked with pain!
The bag of meat convulses!
The large bag of meat convulses!
The bag of meat convulses!
The eight-headed meat hydra convulses!
The bag of meat convulses!
You hear a shout! x2; You feel something staring at you.
Something smites you!
* * * LOW HITPOINT WARNING * * *
The dread calls on the powers of darkness!
The large bag of meat convulses! x2; The bag of meat convulses! x4
Your body is wracked with pain!
* * * LOW HITPOINT WARNING * * *
The bag of meat convulses! x2; The eight-headed meat hydra convulses!
The bag of meat convulses!
An orc and a lich come into view. 2 orcs come into view.
You hear a shout!
The scourge appears out of thin air!
A scourge comes into view.
The meat berserker hits you with a +9 battleaxe!!!
You die...

...... ....... ....o.
.. .#...%... #....z .#
O.D.#.... #.ooLO..#
.#......###..OL ..###.
.ooo.o....MOz###......
...O.#.....z)o_......
..W#Dx..xO%#X.§..#
##....%O)@).#_)<)_#
....#.§§)))x#)....#..
......#§o)S)x)._......
......§M{L)))%###%.....
....o..LX###)).O...###.
..M..D.))..#)).....#
....o.x....#...L...#
..#..x..L............
.#.#.#......{........


You could see 3 accurseds, 6 tyrants, 3 eight-headed meat hydras, a scourge
(wandering), 3 sculptors of flesh, 4 large bags of meat, a large abomination, a
dread, 3 meat berserkers, 11 bags of meat and 6 crawling corpses.

Vanquished Creatures
  7 hell beasts (D)
  2 greater mummies (D)
  2 great orbs of eyes (D)
  2 wraiths (D)
  12 vampire knights (D)
  30 ogres (D)
  6 two-headed ogres (D)
  6 liches (D)
  2 hydras (D)
  45 orcs (D)
  3 phantoms (D)
  A skeletal warrior (D)
  3 large abominations (D)
  10 small abominations (D)
  11 crawling corpses (D)
142 creatures vanquished.

Vanquished Creatures (others)
  A two-headed ogre (D)
  A hydra (D)
  2 orcs (D)
  6 crawling corpses (D)
10 creatures vanquished.

Grand Total: 152 creatures vanquished

Notes
Turn   | Place    | Note
-------+----------+-------------------------------------------
     0 | D        | Found the +∞ Axe of Woe
     0 | D        | Fang the Minotaur Gladiator began the quest for the Orb.
     0 | D        | Reached XP level 1. HP: 18/18 MP: 0/0
     4 | D        | Became a worshipper of Makhleb the Destroyer
     5 | D        | Noticed a bag of meat
     6 | D        | Noticed a bag of meat
     7 | D        | Noticed a bag of meat
     8 | D        | Noticed a meat berserker
     9 | D        | Noticed a meat berserker
    11 | D        | Killed a bag of meat
    11 | D        | Reached XP level 2. HP: 42/42 MP: 1/1
    11 | D        | Reached XP level 3. HP: 49/49 MP: 2/2
    11 | D        | Reached XP level 4. HP: 57/57 MP: 3/3
    11 | D        | Reached XP level 5. HP: 63/63 MP: 4/4
    11 | D        | Reached XP level 6. HP: 71/71 MP: 5/5
    11 | D        | Reached XP level 7. HP: 78/78 MP: 6/6
    11 | D        | Reached XP level 8. HP: 85/85 MP: 7/7
    11 | D        | Reached XP level 9. HP: 91/91 MP: 8/8
    11 | D        | Reached XP level 10. HP: 99/99 MP: 9/9
    11 | D        | Reached XP level 11. HP: 105/105 MP: 10/10
    11 | D        | Killed a meat berserker
    11 | D        | Reached * piety under Makhleb
    11 | D        | Reached skill level 15 in Fighting
    11 | D        | Reached XP level 12. HP: 122/122 MP: 11/11
    11 | D        | Reached XP level 13. HP: 128/128 MP: 12/12
    12 | D        | Killed a meat berserker
    12 | D        | Reached skill level 27 in Axes
    12 | D        | Reached XP level 14. HP: 144/144 MP: 13/13
    14 | D        | Killed a bag of meat
    14 | D        | Reached skill level 15 in Throwing
    14 | D        | Reached skill level 27 in Dodging
    14 | D        | Reached XP level 15. HP: 157/157 MP: 14/14
    16 | D        | Noticed a meat berserker
    17 | D        | Noticed a meat berserker
    18 | D        | Killed a meat berserker
    18 | D        | Reached ** piety under Makhleb
    20 | D        | Killed a meat berserker
    20 | D        | Reached skill level 27 in Fighting
    20 | D        | Reached XP level 16. HP: 183/183 MP: 15/15
    21 | D        | Noticed a meat berserker
    22 | D        | Noticed a meat berserker
    22 | D        | Noticed a meat berserker
    23 | D        | Reached skill level 27 in Throwing
    24 | D        | Noticed a meat berserker
    24 | D        | Noticed a meat berserker
    24 | D        | Noticed a destroyer
    25 | D        | Killed a meat berserker
    25 | D        | Reached *** piety under Makhleb
    25 | D        | Reached XP level 17. HP: 191/191 MP: 16/16
    26 | D        | Killed a meat berserker
    26 | D        | Reached skill level 27 in Armour
    26 | D        | Reached XP level 18. HP: 200/200 MP: 17/17
    26 | D        | Killed a destroyer
    26 | D        | Reached **** piety under Makhleb
    26 | D        | Reached skill level 15 in Invocations
    26 | D        | Killed a meat berserker
    26 | D        | Reached XP level 19. HP: 207/207 MP: 17/35
    27 | D        | Noticed a meat berserker
    27 | D        | Noticed a large bag of meat
    28 | D        | Noticed a destroyer
    29 | D        | Noticed a meat berserker
    29 | D        | Noticed a meat berserker
    29 | D        | Killed a meat berserker
    29 | D        | Reached ***** piety under Makhleb
    29 | D        | Killed a meat berserker
    29 | D        | Reached XP level 20. HP: 216/216 MP: 17/40
    31 | D        | Noticed an eight-headed meat hydra
    31 | D        | Noticed a destroyer
    31 | D        | Reached skill level 27 in Unarmed Combat
    32 | D        | Noticed a large bag of meat
    32 | D        | Killed a destroyer
    32 | D        | Reached skill level 27 in Invocations
    32 | D        | Reached XP level 21. HP: 224/224 MP: 18/45
    32 | D        | Noticed a large bag of meat
    33 | D        | Reached skill level 27 in Stealth
    34 | D        | Killed a large bag of meat
    34 | D        | Reached ****** piety under Makhleb
    35 | D        | Noticed a large bag of meat
    35 | D        | Noticed a destroyer
    36 | D        | Reached skill level 27 in Spellcasting
    36 | D        | Reached XP level 22. HP: 170/233 MP: 19/52
    38 | D        | Noticed a destroyer
    38 | D        | Killed a large bag of meat
    41 | D        | Killed a destroyer
    41 | D        | Killed a large bag of meat
    41 | D        | Killed a large bag of meat
    42 | D        | Noticed a destroyer
    42 | D        | Reached XP level 23. HP: 240/240 MP: 20/53
    43 | D        | Noticed a destroyer
    44 | D        | Noticed a destroyer
    44 | D        | Killed a destroyer
    44 | D        | Killed a destroyer
    45 | D        | Killed a destroyer
    45 | D        | Reached XP level 24. HP: 249/249 MP: 21/53
    46 | D        | Killed a destroyer
    48 | D        | Noticed a destroyer
    50 | D        | Noticed an accursed
    50 | D        | Noticed an accursed
    50 | D        | Noticed a destroyer
    53 | D        | Noticed a tyrant
    53 | D        | Noticed a tyrant
    54 | D        | Killed a destroyer
    54 | D        | Reached XP level 25. HP: 257/257 MP: 23/53
    54 | D        | Killed a destroyer
    56 | D        | Noticed a tyrant
    56 | D        | Killed a destroyer
    56 | D        | Killed a tyrant
    56 | D        | Reached XP level 26. HP: 266/266 MP: 24/53
    59 | D        | Noticed a destroyer
    59 | D        | Killed an accursed
    59 | D        | Killed a tyrant
    59 | D        | Reached XP level 27. HP: 273/273 MP: 24/53
    60 | D        | Killed an accursed
    61 | D        | Noticed a tyrant
    63 | D        | Noticed a large bag of meat
    63 | D        | Noticed a meat beast
    64 | D        | Noticed a meat beast
    65 | D        | Noticed a meat beast
    65 | D        | Killed a meat beast
    67 | D        | Killed a tyrant
    68 | D        | Killed a meat beast
    68 | D        | Killed a destroyer
    69 | D        | Killed a meat beast
    71 | D        | Noticed a destroyer
    72 | D        | Noticed a tyrant
    72 | D        | Killed a large bag of meat
    73 | D        | Noticed a dread
    73 | D        | Noticed a meat beast
    73 | D        | Noticed a meat beast
    75 | D        | Noticed a large bag of meat
    76 | D        | Killed a meat beast
    76 | D        | Killed a meat beast
    76 | D        | Killed a destroyer
    77 | D        | Noticed a tyrant
    77 | D        | Noticed a meat beast
    78 | D        | Killed a tyrant
    81 | D        | Killed a meat beast
    82 | D        | Noticed a large bag of meat
    82 | D        | Noticed a dread
    82 | D        | Killed a tyrant
    82 | D        | Killed a large bag of meat
    83 | D        | Killed a tyrant
    86 | D        | Killed a dread
    88 | D        | Noticed a meat beast
    92 | D        | Killed a meat beast
    93 | D        | Noticed an accursed
    93 | D        | Killed a large bag of meat
    94 | D        | Killed a dread
    98 | D        | HP: 1/271 [something/bolt of negative energy (103)]
    99 | D        | Noticed a large bag of meat
    99 | D        | Noticed an accursed
    99 | D        | Noticed a large bag of meat
   101 | D        | Noticed a large bag of meat
   101 | D        | Noticed a dread
   101 | D        | Noticed a large bag of meat
   102 | D        | Noticed a tyrant
   103 | D        | Noticed a tyrant
   105 | D        | Noticed a tyrant
   105 | D        | Noticed a tyrant
   106 | D        | Noticed a large bag of meat
   106 | D        | Noticed an accursed
   106 | D        | Noticed a tyrant
   107 | D        | Noticed a tyrant
   107 | D        | Slain by a meat berserker

Skill      XL: |  1  2  3  4  5  6  7  8  9 10 11 12 13 14 15 16 17 18 19 20 21 |
---------------+----------------------------------------------------------------+-----
Fighting       | 12 15 18 20 27 | 27.0
Axes           | 20 25 27 | 27.0
Throwing       | 9 12 14 15 24 27 | 27.0
Dodging        | 18 23 26 27 | 27.0
Armour         | 22 27 | 27.0
Stealth        | 16 21 26 27 | 27.0
Unarmed Combat | 19 24 27 | 27.0
Spellcasting   | 13 17 21 27 | 27.0
Invocations    | 17 23 27 | 27.0

Action                   |  1- 3 |  4- 6 |  7- 9 | 10-12 | 13-15 | 16-18 | 19-21 | 22-24 | 25-27 || total
-------------------------+-------+-------+-------+-------+-------+-------+-------+-------+-------++-------
Melee: Executioner's axe |     1 |       |       |       |     4 |     3 |     8 |    14 |    42 ||    72
Armor: Leather armour    |       |       |       |       |       |       |       |       |     3 ||     3
Dodge: Dodged            |       |       |       |       |     2 |       |       |     1 |     9 ||    12
